Unix NetHack Version 5.0.0-0 post-release - last build Jul 19 2026 19:10:59 (3aa4ab31751d3886436d94b585a96704892fd477,branch:main).

Game began 2026-07-28 13:01:44, ended 2026-07-30 09:09:11.

Jandor, neutral male human Wizard

                                               ---------
                         ---                   |...||..|
     ----   $  ---      --.-- ---          $   |...||..|    ---- --.
     |..--    --.--- ----...--..|             --.|.|--.|    |..| |..
     |...|    |....| |..........|             |..|.---.|  * |-.|--..
   * |..-- $  --...---........---            --........--   |.-|....
     |..--     |..............|              |.....---..-----..|.---
     |...|     |..............--             |.....| |...)........||
     |.|.|     |...............|  ----     ---.|.--- ---.)........|-
     |.|.---   --.).)..........| --..| --  |...|--     --.|.......|
     |.|...|    --..---......--- |...--.-- |..--     ---|)|--.....|
   ---..--.|     |..| --....--   --......| |-.|     --.--.|.)....--
   |..d@f|.|     |..----.--.-------......| |..| -----..[......----
   |.^..-|.|    --.......%.....).......-----.-- |.............---
   ---..||.| ----..^.--------..-.----..----..|  |...........|...|
     |<--|.---..[)...|     |.....-----......--  |...........|...--
   ---.| |....^...)).|     ----.....------..|   |...|...........*|
   |...| -----...^..--        --.....|   ----   |...|-..--.----.--
   |..--     ---..---          -------          --.---------   --
   ----        ----                              ---
Jandor the Thaumaturge    St:13 Dx:13 Co:13 In:18 Wi:14 Ch:10  Neutral
Dlvl:6  $:212 HP:0(47) Pw:3(61) AC:10 Xp:7 T:5657  Hungry  

Latest messages:
 What do you want to drink? [f-htvAHIKM or ?*] v
 Magical energies course through your body.
 A dog suddenly appears next to you!
 The housecat misses the dog.
 The dog bites!
 The housecat misses the dog.
 The housecat bites the dog.
 The dog misses the housecat.
 The housecat bites the dog.
 The dog bites the housecat.
 The housecat misses the dog.
 The dog bites!
 The housecat misses the dog.
 You hit the dog.
 The dog bites!
 The housecat bites the dog.
 The dog is killed!
 Your housecat grows up into a large cat.
 Your large cat eats a dog corpse.
 You see here a dagger.
 You descend the stairs.
 In what direction? 8
 The spell misses the wolf.
 The large cat misses the wolf.
 Wizard needs food, badly!
 The large cat misses the wolf.
 The large cat misses the wolf.
 You hit the wolf.
 The large cat misses the werewolf.
 The werewolf bites!
 The wolf bites!
 The werewolf changes into a human.
 You hit the werewolf.
 The large cat bites the werewolf.
 The werewolf wields an aklys!
 The werewolf secures the tether on the aklys.
 The wolf bites!
 The large cat bites the werewolf.
 What do you want to eat? [U or ?*] U
 Yak - dog food!
 The large cat bites the werewolf.
 The werewolf swings her aklys at the large cat.
 The werewolf misses the large cat.
 The werewolf swings her aklys.
 The werewolf hits!
 You stop eating the tripe ration.
 The wolf bites!
 You die...
 Do you want your possessions identified? [ynq] (y) y
 Do you want to see your attributes? [ynq] (y) q

Inventory:
 Coins    ('$')
  $ - 212 gold pieces
 Weapons  (')')
  J - a blessed +1 dart
  Z - a cursed +0 dagger
  w - a blessed +0 orcish dagger (weapon in right hand)
  D - 2 +0 orcish daggers
  P - a blessed +1 aklys
  G - a +1 mace
  a - a blessed +1 quarterstaff
 Armor    ('[')
  N - an uncursed +0 cornuthaum (being worn)
  z - a blessed +1 orcish helm
  C - an uncursed +2 orcish helm
  F - an uncursed burnt +0 cloak of invisibility (being worn)
  b - an uncursed +0 cloak of magic resistance
  B - an uncursed +0 leather cloak
  Y - an uncursed +0 dwarvish mithril-coat
 Comestibles  ('%')
  U - an uncursed partly eaten tripe ration
 Scrolls  ('?')
  s - a cursed scroll of amnesia
  L - a blessed scroll of blank paper
  u - 2 cursed scrolls of blank paper
  R - an uncursed scroll of fire
  p - a cursed scroll of genocide
  x - an uncursed scroll of gold detection
  i - 2 uncursed scrolls of identify
  O - a cursed scroll of identify
  y - an uncursed scroll of light
  E - an uncursed scroll of remove curse
 Potions  ('!')
  M - a blessed potion of blindness
  h - an uncursed potion of enlightenment
  K - an uncursed potion of gain ability
  I - an uncursed potion of hallucination
  g - an uncursed potion of invisibility
  A - a blessed potion of levitation
  t - an uncursed potion of paralysis
  H - an uncursed potion of sleeping
  f - 2 uncursed potions of water
 Rings    ('=')
  d - an uncursed ring of see invisible
  e - an uncursed ring of stealth
  X - an uncursed ring of teleport control
 Wands    ('/')
  c - a wand of cancellation (0:7)
 Tools    ('(')
  m - an uncursed blindfold
  l - a magic marker (0:20)
  j - an uncursed skeleton key
  o - an uncursed partly used wax candle
 Gems/Stones  ('*')
  q - an uncursed worthless piece of yellowish brown glass

Jandor the Wizard's attributes:

Background:
 You were a Thaumaturge, a level 7 male human Wizard.
 You were neutral, on a mission for Thoth
 who was opposed by Ptah (lawful) and Anhur (chaotic).
 You were right-handed.
 You were in the Gnomish Mines, on level 6.
 You entered the dungeon 5657 turns ago.
 There was a full moon in effect when your adventure ended.
 You had 786 experience points, 494 more were needed to attain level 8.

Basics:
 You had 0 out of 47 hit points.
 You had 3 out of 61 energy points (spell power).
 Your armor class was 10.
 Your wallet contained 212 zorkmids.
 Autopickup was off.

Final Characteristics:
 Your strength was 13 (base:14, limit:18/100).
 Your dexterity was 13 (limit:18).
 Your constitution was 13 (limit:18).
 Your intelligence was 18 (limit:18).
 Your wisdom was 14 (limit:18).
 Your charisma was 10 (base:9, limit:18).

Final Status:
 You were hungry.
 You were unencumbered.
 You were wielding a dagger.
 You were skilled in dagger.

Final Attributes:
 You were piously aligned.
 You were telepathic.
 You were clairvoyant.
 You were invisible.
 You were warded.
 You are dead.

Miscellaneous:
 You didn't encounter any bones levels.
 Total elapsed playing time was 2 hours, 59 minutes and 6 seconds.

Major events:
 Turn
    1: Jandor the neutral male human Wizard entered the dungeon
 1571: attained the rank of Conjurer (level 3)
 3216: entered the Gnomish Mines
 4166: attained the rank of Thaumaturge (level 6)
 5657: killed by a wolf

Spells:
 Name                 Level Category     Fail Retention
 force bolt             1   attack         0%   71%-75%
 knock                  1   matter         0%   51%-75%
 protection             1   clerical       0%   71%-80%
 create monster         2   clerical       0%   71%-80%
 jumping                1   escape         0%  76%-100%

Skills:
 Fighting Skills
   bare handed combat [Unskilled]
   riding             [Unskilled]
 Weapon Skills
   dagger             [Skilled]
   knife              [Unskilled]
   axe                [Unskilled]
   short sword        [Unskilled]
   club               [Unskilled]
   mace               [Unskilled]
   quarterstaff       [Basic]
   polearms           [Unskilled]
   spear              [Unskilled]
   trident            [Unskilled]
   sling              [Unskilled]
   dart               [Unskilled]
   shuriken           [Unskilled]
 Spellcasting Skills
   attack spells      [Skilled]
   healing spells     [Unskilled]
   divination spells  [Unskilled]
   enchantment spells [Basic]
   clerical spells    [Basic]
   escape spells      [Unskilled]
   matter spells      [Unskilled]

Voluntary challenges:
 Character rerolling was not enabled.
 You never genocided any monsters.
 You never polymorphed an object.
 You used no wishes.
Achievements:
 You entered a shop.
 You attained the rank of Conjurer.
 You entered the Gnomish Mines.
 You attained the rank of Thaumaturge.

 The Dungeons of Doom: levels 1 to 6
    Level 1:
       A fountain.
    Level 2:
       A potion shop, a sink.
    Level 3:
       A general store, some fountains.
    Level 4:
       Some fountains, a grave.
       Stairs down to The Gnomish Mines.
    Level 5:
    Level 6:
 The Gnomish Mines: levels 5 to 6
    Level 5:
    Level 6: <- You were here.
       Final resting place for
          you, killed by a wolf.


Vanquished creatures:
  4 wolves
  2 gnome rulers
 an orc mummy
  a lizard
  a dog
  3 bugbears
  a water nymph
  2 fog clouds
  a yellow light
  2 shriekers
  4 gnome leaders
  a gray ooze
  2 paper golems
  3 floating eyes
  4 dwarves
  a kobold shaman
  a rothe
  a werejackal
  7 iguanas
 an acid blob
  2 coyotes
  2 gas spores
  a hobbit
  6 manes
  a large kobold
  5 hobgoblins
  2 giant rats
  2 yellow molds
  a green mold
  a red mold
 18 gnomes
  2 garter snakes
  2 gnome zombies
  2 geckos
  5 jackals
  3 foxes
  5 goblins
  4 sewer rats
  5 grid bugs
  5 lichens
  2 kobold zombies
 11 newts
130 creatures vanquished.

No species were genocided or became extinct.

Game over:
                       ----------
                      /          \
                     /    REST    \
                    /      IN      \
                   /     PEACE      \
                  /                  \
                  |      Jandor      |
                  |      212 Au      |
                  | killed by a wolf |
                  |                  |
                  |                  |
                  |                  |
                  |       2026       |
                 *|     *  *  *      | *
        _________)/\\_//(\/(/\)/\//\/|_)_______

Goodbye Jandor the Wizard...

You died in The Gnomish Mines on dungeon level 6 with 3595 points,
and 212 pieces of gold, after 5657 moves.
You were level 7 with a maximum of 47 hit points when you died.

